AoeStats
← TheGhostmaster

Nomad

509691433Analyzed
4v4 RM · 4d ago on Sep 27, 2026· 22m 2s· 8 players
Game mode
Random Map
Map size
231×231
Population
200
Speed
Normal
Resources
Standard
Victory
Conquest
Starting age
Dark Age
Ending age
Imperial Age
RankedLock teamsTeams togetherTeam positionsShared explorationLock speedFull tech treeHidden civsTurbo modeCheats
Victory
Defeat
🇨🇦 Vikings · Canada
1479
+13
🇦🇷 Slavs · Argentina
1462
+13
🇫🇮 Sicilians · Finland
1461
+13
🇳🇱 Byzantines · Netherlands
1442
+14
🇨🇴 Britons · Colombia
1443
-15
🇨🇴 Romans · Colombia
1422
-14
🇨🇴 Khmer · Colombia
1399
-13
🇨🇴 Japanese · Colombia
1348
-11
VesperalCamp546
4:38 Loom
15:15 Feudal Age
19:09 Castle Age
21:05 Double-Bit Axe
21:02 Horse Collar
Irrelevant
4:49 Loom
13:13 Feudal Age
13:16 Feudal Age
17:22 Castle Age
15:46 Double-Bit Axe
16:36 Scale Mail Armor
19:09 Bow Saw
20:46 Chain Mail Armor
21:29 Arson
TheGhostmaster
4:40 Loom
13:20 Feudal Age
13:23 Man-at-Arms
17:33 Forging
17:08 Horse Collar
20:01 Double-Bit Axe
Ranchy
12:19 Feudal Age
12:46 Double-Bit Axe
14:38 Fletching
21:10 Castle Age
19:11 Loom
21:28 Castle Age
20:15 Gold Mining
22:27 Bodkin Arrow
22:47 Medium Warships
Nauta
4:33 Loom
14:15 Feudal Age
18:10 Castle Age
17:11 Double-Bit Axe
17:08 Horse Collar
20:06 Scale Mail Armor
19:55 Man-at-Arms
21:13 Forging
20:59 Long Swordsman
21:47 Fletching
HB | EstebanAOE
3:42 Loom
14:35 Feudal Age
18:19 Castle Age
16:16 Double-Bit Axe
17:53 Forging
19:33 Bow Saw
20:11 Iron Casting
19:51 Horse Collar
HB | Chicken
5:59 Loom
14:22 Feudal Age
18:05 Castle Age
16:41 Double-Bit Axe
21:29 Bow Saw
22:01 Wheelbarrow
21:12 Town Watch
HB | Cristian
4:55 Loom
13:55 Feudal Age
18:14 Castle Age
Connection lost

Rejoining the realm…

Still unreachable

The connection could not be restored.

Session expired

The server has moved on; the page needs a fresh start.